 Dungeon Crawl Stone Soup version 0.20-a0-2-g2b0e13a (webtiles) character file.

261 poirepourri the Magician (level 5, -5/28 HPs)
             Began as a Deep Elf Conjurer on Oct 29, 2016.
             Slain by a phantom (9 damage)
             ... on level 4 of the Dungeon.
             The game lasted 00:04:16 (3060 turns).

poirepourri the Magician (Deep Elf Conjurer)        Turns: 3060, Time: 00:04:16

Health: -5/28      AC:  3    Str:  5    XL:     5   Next: 96%
Magic:  9/15       EV: 13    Int: 21    God:
Gold:   77         SH:  0    Dex: 13    Spells: 4 memorised, 6 levels left

rFire  . . .     SeeInvis .     e - +0 short sword
rCold  . . .     Gourm    .     a - +1 robe
rNeg   . . .     Faith    .     (no shield)
rPois  .         Spirit   .     (no helmet)
rElec  .         Reflect  .     (no cloak)
rCorr  .         Harm     .     (no gloves)
MR     .....                    (no boots)
Stlth  ++........               (no amulet)
                                (no ring)
                                i - -2 ring of dexterity (curse)

@: no status effects
A: no striking features
a: no special abilities


You were on level 4 of the Dungeon.
You were not hungry.

You visited 1 branch of the dungeon, and saw 4 of its levels.

You collected 77 gold pieces.

Inventory:

Hand Weapons
 e - a +0 short sword (weapon)
Armour
 a - a +1 robe (worn)
Jewellery
 f - an uncursed ring of fire
 i - a cursed -2 ring of dexterity (left hand)
 o - a cursed ring of flight {unknown}
Scrolls
 l - a scroll of teleportation
 m - a scroll of blinking
Potions
 d - a potion of curing
 k - a potion of heal wounds
 n - a potion of degeneration {unknown}
 q - a potion of lignification {unknown}
Books
 b - a book of Conjurations

   Spells                             Type                      Level
   a - Magic Dart                     Conjuration                  1
   b - Searing Ray                    Conjuration                  2
   c - Dazzling Spray                 Conjuration/Hexes            3
   d - Fulminant Prism                Conjuration/Hexes            4
   e - Iskenderun's Mystic Blast      Conjuration                  4
   f - Iskenderun's Battlesphere      Conjuration/Charms           5
Comestibles
 g - a meat ration
 h - a fruit
 j - a royal jelly


   Skills:
 + Level 3.0 Dodging
 + Level 3.1 Stealth
 * Level 6.1 Spellcasting
 + Level 6.0 Conjurations


You had 6 spell levels left.
You knew the following spells:

 Your Spells              Type           Power        Failure   Level  Hunger
a - Magic Dart            Conj           ####         1%          1    None
b - Searing Ray           Conj           ####..       1%          2    None
c - Dazzling Spray        Conj/Hex       ###...       10%         3    ##.....
d - Fulminant Prism       Conj/Hex       ###.......   28%         4    ####...


Dungeon Overview and Level Annotations

Branches:
Dungeon (4/15)
 Temple: D:4-7

Altars:

Annotations:
D:4 Eustachio


Message History

Confirm with . or Enter, or press ? or * to list all spells.
Aiming: Searing Ray
Press: ? - help, Shift-Dir - straight line, f - bullfrog
Aim: a bullfrog The searing ray hits the bullfrog.
The bullfrog is lightly wounded.
The bullfrog hits you.
The phantom blinks!
The searing ray hits the bullfrog.
The bullfrog is heavily wounded.
The bullfrog closely misses you.
The phantom blinks!
The searing ray hits the bullfrog.
The bullfrog is almost dead.
The bullfrog hits you!
Eustachio casts a spell.
Eustachio blinks!
The bullfrog hits you. The phantom hits you.
* * * LOW HITPOINT WARNING * * *
The bullfrog hits you.
* * * LOW HITPOINT WARNING * * *
The phantom hits you!
You die...

# ..###########
#.....#.....##
......W..?...##
.......@F.§...#
....)..........
..............#
..............#
........§.....#
...........@.##
#.....#.....##
#############


You could see Eustachio, a phantom and a bullfrog.

Vanquished Creatures
  An ogre (D:3)
  3 gnolls (D:3)
  8 adders
  2 oozes (D:2)
  A worm (D:2)
  A dart slug (D:3)
  2 leopard geckos
  3 orcs
  5 hobgoblins
  7 jackals
  A quokka (D:3)
  A ball python (D:1)
  7 bats
  6 frilled lizards
  6 goblins
  9 kobolds
  5 rats
68 creatures vanquished.

Notes
Turn   | Place    | Note
-------+----------+-------------------------------------------
     0 | D:1      | poirepourri the Deep Elf Conjurer began the quest for the Orb.
     0 | D:1      | Reached XP level 1. HP: 10/10 MP: 6/6
   399 | D:1      | Reached XP level 2. HP: 15/15 MP: 4/8
   414 | D:1      | Learned a level 2 spell: Searing Ray
   732 | D:2      | Reached skill level 5 in Conjurations
   958 | D:2      | Reached XP level 3. HP: 10/19 MP: 0/9
  1255 | D:2      | Reached XP level 4. HP: 24/24 MP: 3/11
  1835 | D:3      | Learned a level 3 spell: Dazzling Spray
  1846 | D:3      | Learned a level 4 spell: Fulminant Prism
  2428 | D:3      | Reached XP level 5. HP: 23/28 MP: 7/14
  2429 | D:3      | Noticed an ogre
  2497 | D:3      | Killed an ogre
  2497 | D:3      | Reached skill level 5 in Spellcasting
  3054 | D:4      | Noticed Eustachio
  3057 | D:4      | Noticed a phantom
  3060 | D:4      | Slain by a phantom

Vault maps used:
D:1:      ncdulo_smallfort, minmay_pentomino_u2
D:4:      first_bread, st_stairs_13, minmay_joined_circles, uniq_eustachio,
          uniq_robin

Skill      XL: |  1  2  3  4  5 |
---------------+----------------+-----
Conjurations   | 5 6 |  6.0
Spellcasting   | 4 6 |  6.1
Dodging        | 3 |  3.0
Stealth        | 3 |  3.1

Action                   |  1- 3 |  4- 6 || total
-------------------------+-------+-------++-------
 Cast: Magic Dart        |    64 |    50 ||   114
       Searing Ray       |     1 |    10 ||    11
  Use: Scroll            |     3 |     5 ||     8
       Potion            |     1 |       ||     1
  Eat: Bread ration      |     1 |     1 ||     2
       Fruit             |       |     1 ||     1
Armor: Robe              |     2 |     5 ||     7
Dodge: Dodged            |    11 |    19 ||    30
